 Dungeon Crawl Stone Soup version 0.27.0-1-g7a089689b8 (webtiles) character file.

Game seed: 17867828611331229897

2622 Malachi the Cudgeller (level 9, -2/72 HPs)
             Began as a Palentonga Fighter on Aug 15, 2021.
             Was a Believer of Zin.
             Killed by nerve-wracking pain
             ... invoked by a shadow imp
              (12 damage)
             ... on level 6 of the Dungeon.
             The game lasted 00:10:25 (7394 turns).

Malachi the Cudgeller (Palentonga Fighter)          Turns: 7394, Time: 00:10:25

Health: -2/72      AC: 20    Str: 22    XL:     9   Next: 34%
Magic:  12/12      EV:  5    Int:  9    God:    Zin [**....]
Gold:   162        SH:  9    Dex: 10    Spells: 8/8 levels left

rFire    . . .     SeeInvis +   l - +3 flail (holy)
rCold    . . .     Faith    +   c - +0 kite shield
rNeg     . . .     Spirit   .   g - +0 chain mail
rPois    .         Reflect  .   p - +2 helmet
rElec    .         Harm     .   n - +0 cloak
rCorr    .         Rampage  .   (no gloves)
Will     .....                  (no barding)
Stlth    ..........             m - amulet of faith
HPRegen  0.22/turn              (no ring)
MPRegen  0.13/turn              (no ring)

@: curled up
A: large, rugged brown scales 3, see invisible, deformed body, roll 1, armoured
tail, reflexive curl
a: Rolling Charge, Renounce Religion, Recite, Vitalisation, Donate Gold


You were on level 6 of the Dungeon.
You worshipped Zin.
Zin was pleased with you.
You visited 2 branches of the dungeon, and saw 7 of its levels.

You collected 179 gold pieces.
You donated 17 gold pieces to Zin.

Inventory:

Hand Weapons
 a - a +0 war axe
 e - a +0 hunting sling
 l - a +3 flail of holy wrath (weapon)
 x - a +0 rapier of venom
Missiles
 f - 194 stones
Armour
 c - a +0 kite shield (worn)
 g - a +0 chain mail (worn)
 n - a +0 cloak (worn)
 p - a +2 helmet (worn)
 y - +0 steam dragon scales
Jewellery
 m - an amulet of faith (around neck)
 u - an amulet of reflection
Wands
 o - a wand of mindburst (4)
 s - a wand of paralysis (4)
Scrolls
 b - a scroll of teleportation
 t - a scroll of enchant armour
 w - a scroll of identify
Potions
 d - 2 potions of magic
 h - a potion of berserk rage {unknown}
 i - a potion of lignification {unknown}
 j - 4 potions of resistance {unknown}
 k - 4 potions of curing
 r - a potion of ambrosia {unknown}
 v - a potion of flight {unknown}


   Skills:
 + Level 5.2 Fighting
 + Level 4.4(5.9) Axes
 + Level 5.9(6.6) Maces & Flails
 + Level 5.2 Armour
 + Level 2.0 Dodging
 + Level 0.7 Stealth
 + Level 4.3 Shields
 * Level 4.8 Invocations
 + Level 2.3 Evocations


You had 8 spell levels left.
You didn't know any spells.
Your spell library contained the following spells:

 Spells                   Type           Power      Damage    Failure   Level
 Corpse Rot               Necr/Air       N/A        N/A       100%        2
 Poisonous Vapours        Pois/Air       0%         N/A       100%        2
 Stone Arrow              Conj/Erth      0%         3d7       100%        3
 Bolt of Magma            Conj/Fire/Erth 0%         4d4       100%        5
 Freezing Cloud           Conj/Ice/Air   0%         6-21      100%        5
 Shatter                  Erth           0%         3d5*      100%        9


Dungeon Overview and Level Annotations

Branches:
Dungeon (6/15)             Temple (1/1) D:4

Altars:
Elyvilon
Fedhas
Hepliaklqana
Kikubaaqudgha
Makhleb
Okawaru
Ru
Sif Muna
Uskayaw
Wu Jian
Xom
Zin

Shops:
D:1 ?   D:5 (

Annotations:
D:6 Prince Ribbit


Innate Abilities, Weirdness & Mutations

You are completely covered in rugged brown scales. (AC +3, +7% HP)
You have supernaturally acute eyesight. (SInv)
Armour fits poorly on your strangely shaped body.
You can roll at nearby foes to attack.
You have a long armoured tail.
You curl defensively after being hit.


Message History

* * * LOW HITPOINT WARNING * * *
The shadow imp barely misses you.
As you read the scroll of fear, it crumbles to dust.
You assume a fearsome visage.
Prince Ribbit looks frightened!
The gnoll looks frightened!
The shadow imp is unaffected.
Prince Ribbit blinks!
Prince Ribbit mumbles some strange words.
Prince Ribbit easily resists.
The shadow imp gestures at you. Pain shoots through your body!
* * * LOW HITPOINT WARNING * * *
You feel better. The shadow imp barely misses you.
You barely miss the shadow imp.
The shadow imp is almost dead.
The shadow imp hits you but does no damage.
You barely miss the shadow imp.
Prince Ribbit gives a loud, deep croak!
Your tail-slap misses the shadow imp.
The shadow imp is almost dead.
Prince Ribbit casts a spell.
Prince Ribbit looks slightly unstable.
The shadow imp hits you.
* * * LOW HITPOINT WARNING * * *
A gnoll comes into view. It is wielding a +0 club.
You hear a shout!
You barely miss the shadow imp.
The shadow imp is almost dead.
The gnoll shouts!
A gnoll comes into view. It is wielding a +0 spear.
The shadow imp hits you but does no damage.
Your shield and chain mail prevent you from hitting the shadow imp.
The shadow imp is almost dead.
The shadow imp hits you but does no damage. x2
You closely miss the shadow imp.
The shadow imp is almost dead.
The shadow imp gestures at you.
You struggle to resist.
You barely miss the shadow imp.
The shadow imp is almost dead.
The shadow imp gestures at you. Pain shoots through your body!
You die...

#D..# #...# #...# #y..#
#...####. #.##
#####........
##....#####............
.......†.†...gg...#####
###########@####### #5#
#########.####
#...)........#
#.#######.##.# # #.#
#.# .. # ####.# #.# ##
# #....# #.# # #.####
#.#


You could see 2 gnolls and a shadow imp.

Vanquished Creatures
  Grinder (D:5)
  Sigmund (D:5)
  A wyvern (D:6)
  Eustachio (D:6)
  A steam dragon (D:6)
  2 vampire mosquitoes (D:6)
  Edmund (D:5)
  2 necrophages
  3 ogres
  A phantom (D:5)
  A kobold brigand (D:6)
  A water moccasin zombie (D:5)
  2 scorpions
  A howler monkey (D:6)
  A bullfrog zombie (D:5)
  2 centaur zombies
  A hound (D:4)
  2 orc priests
  A scorpion zombie (D:5)
  2 iguanas
  6 orc wizards
  A hound zombie (D:5)
  A hound skeleton (D:5)
  A howler monkey zombie (D:6)
  Robin (D:4)
  3 gnolls (D:3)
  A howler monkey skeleton (D:4)
  9 adders
  A worm (D:2)
  6 dart slugs
  17 orcs
  4 bats
  8 endoplasms
  2 giant cockroaches
  16 hobgoblins
  3 quokkas
  3 ball pythons
  15 goblins
  7 kobolds
  A quokka skeleton (D:4)
  4 rats
138 creatures vanquished.

Vanquished Creatures (others)
  2 fungi (D:1)
  5 plants (D:1)
7 creatures vanquished.

Grand Total: 145 creatures vanquished

Notes
Turn   | Place    | Note
-------+----------+-------------------------------------------
     0 | D:1      | Malachi the Palentonga Fighter began the quest for the Orb.
     0 | D:1      | Reached XP level 1. HP: 19/19 MP: 1/1
   174 | D:1      | Reached XP level 2. HP: 25/25 MP: 2/2
   866 | D:1      | Reached XP level 3. HP: 19/31 MP: 3/3
  1002 | D:1      | Found Fufeiwn's Magic Scroll Boutique.
  1407 | D:1      | Found a faded altar of an unknown god.
  2588 | D:3      | Reached XP level 4. HP: 6/37 MP: 4/4
  3440 | D:3      | Reached XP level 5. HP: 30/44 MP: 5/5
  3646 | D:3      | Noticed a necrophage
  3655 | D:3      | Killed a necrophage
  3930 | D:4      | Reached XP level 6. HP: 46/51 MP: 6/6
  4282 | D:4      | Reached skill level 1 in Maces & Flails
  4443 | D:4      | Reached skill level 1 in Dodging
  4634 | D:4      | Found a staircase to the Ecumenical Temple.
  4782 | Temple   | Entered the Ecumenical Temple
  4794 | Temple   | Became a worshipper of Zin the Law-Giver
  4794 | Temple   | Reached * piety under Zin
  4885 | D:4      | Noticed Robin
  4919 | D:4      | Killed Robin
  5257 | D:5      | Entered Level 5 of the Dungeon
  5320 | D:5      | Gained mutation: You curl defensively after being hit.
                  | [Palentonga growth]
  5320 | D:5      | Reached XP level 7. HP: 46/57 MP: 7/7
  5437 | D:5      | Reached skill level 1 in Invocations
  6177 | D:5      | Noticed Grinder
  6178 | D:5      | Paralysed by Grinder for 4 turns
  6183 | D:5      | Killed Grinder
  6184 | D:5      | Reached XP level 8. HP: 65/65 MP: 8/10
  6206 | D:5      | Found Gunor's Weapon Shoppe.
  6227 | D:5      | Reached skill level 1 in Evocations
  6266 | D:5      | Reached ** piety under Zin
  6494 | D:5      | Noticed Edmund
  6497 | D:5      | Killed Edmund
  6516 | D:5      | Noticed Sigmund
  6518 | D:5      | Killed Sigmund
  6794 | D:6      | Noticed Eustachio
  6798 | D:6      | Killed Eustachio
  6847 | D:6      | Reached skill level 5 in Maces & Flails
  6926 | D:6      | Reached skill level 5 in Fighting
  6941 | D:6      | Reached XP level 9. HP: 52/72 MP: 12/12
  7347 | D:6      | Reached skill level 5 in Armour
  7384 | D:6      | Noticed Prince Ribbit
  7394 | D:6      | Killed from afar by a shadow imp

Illustrated notes

Levels and vault maps discovered:
D:1:      lightli_arrival_flooded_house, layout_basic, serial_shops,
          shop_statue, shapermc_ecumenical_altar_petra
D:2:      layout_basic
D:3:      layout_loops_ring
D:4:      kennysheep_spiral_hall, layout_basic, temple_hall, uniq_robin
D:5:      layout_basic, serial_shops, nicolae_shop_trees,
          grunt_decor_one_mirror, sigmund_edmund_badplayer, uniq_grinder
D:6:      layout_loops_ring, hex_tiny, uniq_prince_ribbit1, uniq_eustachio
Temple:   compressed_dpeg_triangle_lava_temple

Skill      XL: |  1  2  3  4  5  6  7  8  9 |
---------------+----------------------------+-----
Axes           | 3 4 |  4.4
Armour         | 3 4 5 |  5.2
Fighting       | 4 5 |  5.2
Shields        | 3 4 |  4.3
Maces & Flails | 2 3 5 |  5.9
Dodging        | 1 2 |  2.0
Invocations    | 2 4 |  4.8
Evocations     | 2 |  2.3
Stealth        | |  0.7

Action                   |  1- 3 |  4- 6 |  7- 9 || total
-------------------------+-------+-------+-------++-------
Melee: War axe           |   137 |    34 |       ||   171
       Tailslap          |    15 |    18 |    17 ||    50
       Flail             |       |   115 |   170 ||   285
Invok: Recite            |       |     1 |     1 ||     2
 Abil: Rolling Charge    |     3 |     4 |     3 ||    10
Evoke: Wand              |       |       |    17 ||    17
  Use: Scroll            |     6 |     4 |     1 ||    11
       Potion            |     1 |     1 |     2 ||     4
 Stab: Confused          |       |       |     1 ||     1
Armor: Scale mail        |    81 |    82 |       ||   163
       Chain mail        |       |     6 |   102 ||   108
Dodge: Dodged            |    28 |    36 |    35 ||    99
Block: Kite shield       |    56 |    78 |    90 ||   224
